SNL (28 & UNDER)
GAINESVILLE GUIDOS @ MONTGOMERY BISCUITS
07/06/2026
 
TOP OF THE 1ST
Gainesville Guidos batting - Pitching for Montgomery Biscuits : RHP Jorge Villalobos
Pitching: RHP Jorge Villalobos
Batting: RHB Iván Moreno 0-0: Called Strike
0-1: Ball
1-1: Ball
2-1: Ball
3-1: Base on Balls
Batting: RHB John Little 0-0: Ball
1-0: Foul Ball, location: 2F
1-1: Foul Ball, location: 2F
1-2: Ball
2-2: Ball
3-2: Ground out 4-3 (Groundball, 13)
Iván Moreno to second
Batting: LHB Mark Owens 0-0: Ball
1-0: Ball
2-0: Called Strike
2-1: SINGLE (Line Drive, 4MD)
Iván Moreno to third
Batting: LHB António Cedeño 0-0: Ball
1-0: Ball
2-0: Foul Ball, location: 2F
2-1: Swinging Strike
2-2: Grounds into double play, 4-6-3 (Groundball, 4)
Top of the 1st over - 0 run(s), 1 hit(s), 0 error(s), 1 left on base; Gainesville 0 - Montgomery 0
BOTTOM OF THE 1ST
Montgomery Biscuits batting - Pitching for Gainesville Guidos : LHP José Acevedo
Pitching: LHP José Acevedo
Batting: RHB Warren Martin 0-0: Ball
1-0: SOLO HOME RUN (Flyball, 7D), Distance : 363 ft
Batting: RHB Peyton Yardley 0-0: Foul Ball, location: 2F
0-1: Bunted foul
0-2: Ball
1-2: Strikes out swinging
Batting: RHB Yujiro Kurihara 0-0: Ball
1-0: Ball
2-0: Foul Ball, location: 2F
2-1: Foul Ball, location: 2F
2-2: Fly out, F8 (Flyball, 89S)
Batting: RHB Pete Smith 0-0: Ball
1-0: Ball
2-0: Called Strike
2-1: Ball
3-1: Called Strike
3-2: SOLO HOME RUN (Flyball, 78XD), Distance : 408 ft
Batting: RHB Juan Díaz 0-0: Called Strike
0-1: Called Strike
0-2: Ball
1-2: Ball
2-2: Foul Ball, location: 2F
2-2: Foul Ball, location: 2F
2-2: SINGLE (Groundball, 6)
Batting: RHB Carlos Vásquez 0-0: Called Strike
0-1: Ball
1-1: Foul Ball, location: 2F
1-2: Ball
2-2: Ball
Juan Díaz is caught stealing 2nd base
Bottom of the 1st over - 2 run(s), 3 hit(s), 0 error(s), 0 left on base; Gainesville 0 - Montgomery 2
TOP OF THE 2ND
Gainesville Guidos batting - Pitching for Montgomery Biscuits : RHP Jorge Villalobos
Batting: RHB Kurt Walter 0-0: Ball
1-0: Ball
2-0: Foul Ball, location: 2F
2-1: Swinging Strike
2-2: Ball
3-2: Foul Ball, location: 2F
3-2: Base on Balls
Batting: RHB José Ortega 0-0: Ball
1-0: Ball
2-0: Foul Ball, location: 2F
2-1: Foul Ball, location: 2F
2-2: SINGLE (Groundball, 4M)
Kurt Walter to second
Batting: RHB Lynn Ford 0-0: Ball
1-0: Foul Ball, location: 2F
1-1: Swinging Strike
1-2: Foul Ball, location: 2F
1-2: Fly out, F9 (Flyball, 89D)
Runner from 2nd tags up, SAFE at 3rd, no throw
Batting: RHB Kyle O'Day 0-0: Fly out, F9 (Flyball, 89M)
Runner from 3rd tags up, SCORES, throw made
Batting: RHB Júlio Galló 0-0: Ball
1-0: Ball
2-0: Ball
3-0: Base on Balls
José Ortega to second
Batting: RHB Iván Moreno 0-0: Called Strike
0-1: Swinging Strike
0-2: Fly out, F8 (Flyball, 8RM)
Top of the 2nd over - 1 run(s), 1 hit(s), 0 error(s), 2 left on base; Gainesville 1 - Montgomery 2
BOTTOM OF THE 2ND
Montgomery Biscuits batting - Pitching for Gainesville Guidos : LHP José Acevedo
Batting: RHB Carlos Vásquez 0-0: Called Strike
0-1: Ball
1-1: Fly out, F8 (Flyball, 8LM)
Batting: SHB Jack Estes 0-0: Called Strike
0-1: Foul Ball, location: 2F
0-2: Ball
1-2: Ball
2-2: Fly out, F7 (Flyball, 78D)
Batting: RHB Raúl Alejándrez 0-0: Foul Ball, location: 2F
0-1: Called Strike
0-2: Ball
1-2: Ground out 5-3 (Groundball, 56)
Bottom of the 2nd over - 0 run(s), 0 hit(s), 0 error(s), 0 left on base; Gainesville 1 - Montgomery 2
TOP OF THE 3RD
Gainesville Guidos batting - Pitching for Montgomery Biscuits : RHP Jorge Villalobos
Batting: RHB John Little 0-0: Ball
1-0: Ball
2-0: Swinging Strike
2-1: Ball
3-1: Base on Balls
Batting: LHB Mark Owens 0-0: Ball
1-0: Ball
2-0: Called Strike
2-1: Ball
3-1: Grounds into double play, 1-6-3 (Groundball, 13S)
Batting: LHB António Cedeño 0-0: Ground out 4-3 (Groundball, 4M)
Top of the 3rd over - 0 run(s), 0 hit(s), 0 error(s), 0 left on base; Gainesville 1 - Montgomery 2
BOTTOM OF THE 3RD
Montgomery Biscuits batting - Pitching for Gainesville Guidos : LHP José Acevedo
Batting: SHB Tony Echevarría 0-0: Ball
1-0: Ball
2-0: Ground out 5-3 (Groundball, 5S)
Batting: RHB Warren Martin 0-0: Ball
1-0: Called Strike
1-1: DOUBLE (Groundball, 5L)
Batting: RHB Peyton Yardley 0-0: Ball
1-0: Foul Ball, location: 2F
1-1: Swinging Strike
1-2: Ball
2-2: Ball
3-2: Foul Ball, location: 2F
3-2: Foul Ball, location: 2F
3-2: Foul Ball, location: 2F
3-2: Foul Ball, location: 2F
3-2: Base on Balls
Batting: RHB Yujiro Kurihara 0-0: Ball
Warren Martin is caught stealing 3rd base
Peyton Yardley to second
1-0: Called Strike
1-1: Ground out 4-3 (Groundball, 4)
Bottom of the 3rd over - 0 run(s), 1 hit(s), 0 error(s), 1 left on base; Gainesville 1 - Montgomery 2
TOP OF THE 4TH
Gainesville Guidos batting - Pitching for Montgomery Biscuits : RHP Jorge Villalobos
Batting: RHB Kurt Walter 0-0: Ball
1-0: Swinging Strike
1-1: Swinging Strike
1-2: Foul Ball, location: 2F
1-2: Ball
2-2: Strikes out swinging
Batting: RHB José Ortega 0-0: Swinging Strike
0-1: Swinging Strike
0-2: Ball
1-2: Strikes out swinging
Batting: RHB Lynn Ford 0-0: Ball
1-0: Foul Ball, location: 2F
1-1: Fly out, F8 (Flyball, 8RS)
Top of the 4th over - 0 run(s), 0 hit(s), 0 error(s), 0 left on base; Gainesville 1 - Montgomery 2
BOTTOM OF THE 4TH
Montgomery Biscuits batting - Pitching for Gainesville Guidos : LHP José Acevedo
Batting: RHB Pete Smith 0-0: Called Strike
0-1: Foul Ball, location: 2F
0-2: Strikes out swinging
Batting: RHB Juan Díaz 0-0: Ball
1-0: Swinging Strike
1-1: Called Strike
1-2: Strikes out swinging
Batting: RHB Carlos Vásquez 0-0: Foul Ball, location: 2F
0-1: Ball
1-1: Called Strike
1-2: Ball
2-2: Fly out, F9 (Flyball, 89M)
Bottom of the 4th over - 0 run(s), 0 hit(s), 0 error(s), 0 left on base; Gainesville 1 - Montgomery 2
TOP OF THE 5TH
Gainesville Guidos batting - Pitching for Montgomery Biscuits : RHP Jorge Villalobos
Batting: RHB Kyle O'Day 0-0: Ball
1-0: Ground out 5-3 (Groundball, 5L)
Batting: RHB Júlio Galló 0-0: Ball
1-0: Ground out 5-3 (Groundball, 5S)
Batting: RHB Iván Moreno 0-0: Ball
1-0: Ball
2-0: Fly out, F4 (Popup, 34)
Top of the 5th over - 0 run(s), 0 hit(s), 0 error(s), 0 left on base; Gainesville 1 - Montgomery 2
BOTTOM OF THE 5TH
Montgomery Biscuits batting - Pitching for Gainesville Guidos : LHP José Acevedo
Batting: SHB Jack Estes 0-0: Ball
1-0: Called Strike
1-1: Foul Ball, location: 2F
1-2: Ball
2-2: SINGLE (Groundball, 5D)
Pitching: RHP Mario Tovar
Batting: RHB Raúl Alejándrez 0-0: Ball
1-0: Called Strike
1-1: Foul Ball, location: 2F
1-2: Ball
2-2: Strikes out swinging
Batting: SHB Tony Echevarría 0-0: Ball
1-0: Fly out, F8 (Flyball, 8LM)
Batting: RHB Warren Martin 0-0: Ball
1-0: Fly out, F5 (Popup, 5F)
Bottom of the 5th over - 0 run(s), 1 hit(s), 0 error(s), 1 left on base; Gainesville 1 - Montgomery 2
TOP OF THE 6TH
Gainesville Guidos batting - Pitching for Montgomery Biscuits : RHP Jorge Villalobos
Batting: RHB John Little 0-0: Ball
1-0: Called Strike
1-1: Foul Ball, location: 2F
1-2: Foul Ball, location: 2F
1-2: Ball
2-2: Ball
3-2: Base on Balls
Pitching: RHP Rick Grant
Batting: LHB Mark Owens 0-0: Called Strike
0-1: Swinging Strike
0-2: Ball
1-2: Strikes out swinging
Batting: LHB António Cedeño 0-0: Swinging Strike
0-1: Fielders Choice at 2nd, 4-6 (Groundball, 4M)
Batting: RHB Kurt Walter 0-0: Swinging Strike
0-1: Foul Ball, location: 2F
0-2: Strikes out swinging
Top of the 6th over - 0 run(s), 0 hit(s), 0 error(s), 1 left on base; Gainesville 1 - Montgomery 2
BOTTOM OF THE 6TH
Montgomery Biscuits batting - Pitching for Gainesville Guidos : RHP Mario Tovar
Batting: RHB Peyton Yardley 0-0: Ball
1-0: Foul Ball, location: 2F
1-1: Swinging Strike
1-2: Ball
2-2: Ball
3-2: Foul Ball, location: 2F
3-2: Base on Balls
Batting: RHB Yujiro Kurihara 0-0: Ball
1-0: Foul Ball, location: 2F
1-1: Ball
2-1: Foul Ball, location: 2F
2-2: Ground out 3-1 (Groundball, 34)
Peyton Yardley to second
Batting: RHB Pete Smith 0-0: Ball
1-0: Foul Ball, location: 2F
1-1: Called Strike
1-2: Strikes out swinging
Batting: RHB Juan Díaz 0-0: Ball
1-0: Called Strike
1-1: Ball
2-1: Ball
3-1: Base on Balls
Batting: RHB Carlos Vásquez 0-0: Called Strike
0-1: Ball
1-1: Foul Ball, location: 2F
1-2: Foul Ball, location: 2F
1-2: Foul Ball, location: 2F
1-2: Fly out, F9 (Flyball, 9D)
Bottom of the 6th over - 0 run(s), 0 hit(s), 0 error(s), 2 left on base; Gainesville 1 - Montgomery 2
TOP OF THE 7TH
Gainesville Guidos batting - Pitching for Montgomery Biscuits : RHP Rick Grant
Batting: RHB José Ortega 0-0: Called Strike
0-1: Ground out 6-3 (Groundball, 6M)
Batting: RHB Lynn Ford 0-0: Called Strike
0-1: Foul Ball, location: 2F
0-2: Ball
1-2: DOUBLE (Flyball, 78XD)
Pinch Hitting: LHB Ed Murray 0-0: Ball
1-0: Ball
2-0: Ball
3-0: Called Strike
3-1: Base on Balls
Pinch Hitting: LHB Eddy Jefferson 0-0: Swinging Strike
0-1: Swinging Strike
0-2: Ball
1-2: Strikes out looking
Pinch Hitting: RHB Alfredo Díaz 0-0: SINGLE (Line Drive, 6D)
Lynn Ford to third
Ed Murray to second
Runner from 3rd tries for Home, SAFE, no throw or cutoff
Batting: RHB John Little 0-0: SINGLE (Line Drive, 4MD)
Ed Murray to third
Alfredo Díaz to second
Runner from 3rd tries for Home, SAFE, no throw or cutoff
Batting: LHB Mark Owens 0-0: Swinging Strike
0-1: Swinging Strike
0-2: Ball
1-2: SINGLE (Line Drive, 56D)
Alfredo Díaz to third
John Little to second
Runner from 3rd tries for Home, SAFE, no throw or cutoff
Pitching: RHP Guillermo Lozano
Batting: LHB António Cedeño 0-0: Ball
1-0: Ball
2-0: Ball
3-0: Called Strike
3-1: Base on Balls
John Little to third
Mark Owens to second
Batting: RHB Kurt Walter 0-0: Ball
1-0: Called Strike
1-1: Ball
2-1: Called Strike
2-2: Foul Ball, location: 2F
2-2: Ball
3-2: Strikes out swinging
Top of the 7th over - 3 run(s), 4 hit(s), 0 error(s), 3 left on base; Gainesville 4 - Montgomery 2
BOTTOM OF THE 7TH
Montgomery Biscuits batting - Pitching for Gainesville Guidos : RHP Mario Tovar
Pitching: LHP Ben Head
Now at 3B: Will Evans
Now at SS: Eddy Jefferson
Now in RF: Mark McDonald
Batting: SHB Jack Estes 0-0: Foul Ball, location: 2F
0-1: Ball
1-1: Ball
2-1: Ball
3-1: Fly out, F9 (Flyball, 9M)
Batting: RHB Raúl Alejándrez 0-0: Ball
1-0: Ball
2-0: Foul Ball, location: 2F
2-1: Ball
3-1: Ground out 5-3 (Groundball, 56S)
Batting: SHB Tony Echevarría 0-0: Ball
1-0: Swinging Strike
1-1: SINGLE (Line Drive, 56)
Batting: RHB Warren Martin 0-0: Swinging Strike
0-1: Foul Ball, location: 2F
0-2: Strikes out swinging
Bottom of the 7th over - 0 run(s), 1 hit(s), 0 error(s), 1 left on base; Gainesville 4 - Montgomery 2
TOP OF THE 8TH
Gainesville Guidos batting - Pitching for Montgomery Biscuits : RHP Guillermo Lozano
Batting: RHB José Ortega 0-0: Ball
1-0: Foul Ball, location: 2F
1-1: Ball
2-1: Foul Ball, location: 2F
2-2: Fly out, F8 (Line Drive, 8RXD)
Batting: RHB Lynn Ford 0-0: Called Strike
0-1: TRIPLE (Line Drive, 9LM)
Batting: RHB Mark McDonald 0-0: Foul Ball, location: 2F
0-1: Ball
1-1: Foul Ball, location: 2F
1-2: Strikes out swinging
Batting: LHB Eddy Jefferson 0-0: Ball
1-0: Ball
2-0: Ball
3-0: Called Strike
3-1: Base on Balls
Pinch Hitting: RHB Doug Coleman 0-0: Ball
1-0: Swinging Strike
1-1: Ball
Eddy Jefferson is caught stealing 2nd base
Top of the 8th over - 0 run(s), 1 hit(s), 0 error(s), 0 left on base; Gainesville 4 - Montgomery 2
BOTTOM OF THE 8TH
Montgomery Biscuits batting - Pitching for Gainesville Guidos : LHP Ben Head
Now at 3B: Juan Reyes
Batting: RHB Peyton Yardley 0-0: Called Strike
0-1: Ball
1-1: Foul Ball, location: 2F
1-2: SOLO HOME RUN (Line Drive, 78XD), Distance : 404 ft
Pitching: RHP Marlon Ryan
Batting: RHB Yujiro Kurihara 0-0: Called Strike
0-1: Fly out, F8 (Line Drive, 8RD)
Batting: RHB Pete Smith 0-0: Ball
1-0: Ball
2-0: Ball
3-0: Base on Balls
Batting: RHB Juan Díaz 0-0: Ball
1-0: Called Strike
1-1: Ball
2-1: Foul Ball, location: 2F
2-2: Ball
3-2: Strikes out swinging
Batting: RHB Carlos Vásquez 0-0: Called Strike
0-1: Ball
1-1: Foul Ball, location: 2F
1-2: Foul Ball, location: 2F
1-2: Foul Ball, location: 2F
1-2: Strikes out swinging
Bottom of the 8th over - 1 run(s), 1 hit(s), 0 error(s), 1 left on base; Gainesville 4 - Montgomery 3
TOP OF THE 9TH
Gainesville Guidos batting - Pitching for Montgomery Biscuits : RHP Guillermo Lozano
Batting: RHB Juan Reyes 0-0: Called Strike
0-1: Foul Ball, location: 2F
0-2: Foul Ball, location: 2F
0-2: Ball
1-2: Strikes out swinging
Batting: RHB John Little 0-0: Called Strike
0-1: Ground out 6-3 (Groundball, 6M)
Batting: LHB Mark Owens 0-0: Ball
1-0: Ball
2-0: Ball
3-0: Base on Balls
Pitching: LHP Trevor Nichols
Batting: LHB António Cedeño 0-0: Ball
1-0: Ball
2-0: Called Strike
2-1: Ball
3-1: Base on Balls
Mark Owens to second
Batting: RHB Kurt Walter 0-0: Called Strike
0-1: Called Strike
0-2: Strikes out swinging
Top of the 9th over - 0 run(s), 0 hit(s), 0 error(s), 2 left on base; Gainesville 4 - Montgomery 3
BOTTOM OF THE 9TH
Montgomery Biscuits batting - Pitching for Gainesville Guidos : RHP Marlon Ryan
Pitching: RHP Juan Mora
Now at C: Scott Young
Batting: SHB Jack Estes 0-0: Foul Ball, location: 2F
0-1: Fly out, F8 (Flyball, 8LM)
Pinch Hitting: LHB Brian MacIntosh 0-0: Called Strike
0-1: Ball
1-1: Called Strike
1-2: Strikes out swinging
Batting: SHB Tony Echevarría 0-0: Swinging Strike
0-1: Ball
1-1: Foul Ball, location: 2F
1-2: Foul Ball, location: 2F
1-2: Ball
2-2: DOUBLE (Groundball, 5L)
Batting: RHB Warren Martin 0-0: Ball
1-0: Ball
2-0: Ball
3-0: Called Strike
3-1: Base on Balls
Batting: RHB Peyton Yardley 0-0: Ball
1-0: Called Strike
1-1: SINGLE (Flyball, 6MD)
Tony Echevarría to third
Warren Martin to second
Runner from 3rd tries for Home, SAFE, no throw or cutoff
Batting: RHB Yujiro Kurihara 0-0: Foul Ball, location: 2F
0-1: Ball
1-1: SINGLE (Groundball, 4M)
Warren Martin to third
Peyton Yardley to second
Runner from 3rd tries for Home, SAFE, no throw or cutoff
Monday, December 5th, 2016 - OOTP Baseball 17.12 Build 75